 Dungeon Crawl Stone Soup version 0.27.1-1-g398f81649c (webtiles) character file.

Game seed: 17502568401251407869

47 H0rd4k the Magician (level 3, -3/21 HPs)
             Began as an Octopode Hedge Wizard on Sept 16, 2021.
             Slain by an adder (5 damage)
             ... on level 2 of the Dungeon.
             The game lasted 00:02:02 (2453 turns).

H0rd4k the Magician (Octopode Hedge Wizard)         Turns: 2453, Time: 00:02:02

Health: -3/21      AC:  1    Str:  9    XL:     3   Next: 70%
Magic:  6/8        EV: 13    Int: 17    God:
Gold:   84         SH:  0    Dex: 11    Spells: 7/10 levels left

rFire    . . .     SeeInvis .   a - +0 dagger
rCold    . . .     Faith    .   (no shield)
rNeg     . . .     Spirit   .   b - +0 hat
rPois    .         Reflect  .   (no amulet)
rElec    .         Harm     .   (no ring)
rCorr    .         Rampage  .   (no ring)
Will     .....                  (no ring)
Stlth    +++.......             (no ring)
HPRegen  0.07/turn              (no ring)
MPRegen  0.11/turn              (no ring)
                                (no ring)
                                (no ring)

@: lethally poisoned (-3 -> -6)
A: almost no armour, amphibious, 8 rings, camouflage 1, gelatinous body 1,
(nimble swimmer 1), tentacles
a: no special abilities


You were on level 2 of the Dungeon.
You visited 1 branch of the dungeon, and saw 2 of its levels.

You collected 84 gold pieces.

Inventory:

Hand Weapons
 a - a +0 dagger (weapon)
Armour
 b - a +0 hat (worn)
Magical Staves
 g - a staff of death
Jewellery
 c - an amulet of guardian spirit
 f - a ring of resist corrosion
Scrolls
 i - a scroll of brand weapon {unknown}
 j - a scroll of teleportation {unknown}
Potions
 d - a potion of magic {unknown}
 e - a potion of attraction
 k - a potion of flight {unknown}


   Skills:
 + Level 2.5 Dodging
 + Level 2.8 Stealth
 + Level 4.0 Spellcasting
 + Level 1.2 Conjurations
 + Level 1.0 Summonings
 + Level 1.0 Translocations


You had 7 spell levels left.
You knew the following spells:

 Your Spells              Type           Power      Damage    Failure   Level
a - Magic Dart            Conj           28%        1d4       10%         1
b - Blink                 Tloc           N/A        N/A       16%         2

Your spell library contained the following spells:

 Spells                   Type           Power      Damage    Failure   Level
 Call Imp                 Summ           6%         N/A       16%         2
 Slow                     Hex            3%         N/A       24%         2
 Conjure Flame            Conj/Fire      5%         6-21      36%         3
 Mephitic Cloud           Conj/Pois/Air  4%         N/A       36%         3


Dungeon Overview and Level Annotations

Branches:
Dungeon (2/15)

Altars:

Annotations:
D:2 1 runed translucent door, exclusion: door, Crazy Yiuf, Robin, Sigmund


Innate Abilities, Weirdness & Mutations

You cannot wear most types of armour.
You are amphibious.
You can wear up to eight rings at the same time.
Your skin changes colour to match your surroundings (Stealth+).
Your rubbery body absorbs attacks. (AC +1, EV +1)
((You are camouflaged near water. (Stealth+)))
You have tentacles for arms and can constrict up to eight enemies at once.


Message History

Confirm with . or Enter, or press ? or * to list all spells.
You blink.
Sigmund the Dreaded comes into view.
He is wielding a +0 vorpal scythe.
The goblin hits you with a +0 mace. Robin completely misses you.
The adder bites you but does no damage. Robin completely misses you.
Sigmund mumbles some strange words.
Sigmund flickers and vanishes!
Deactivating autopickup; reactivate with Ctrl-A.
The goblin barely misses you. The adder completely misses you.
Robin throws the goblin at you!
* * * LOW HITPOINT WARNING * * *
The goblin completely misses you.
The goblin shouts!
You hit the goblin. You grab the goblin.
The goblin is heavily wounded.
You constrict the goblin.
You kill the goblin!
You hear a shout!
The adder barely misses you.
Robin roars a battlecry!
The goblins go into a battle-frenzy!
Your Spellcasting skill increases to level 4!
The adder misses you.
A hobgoblin comes into view. It is wielding a +0 dagger.
A goblin comes into view. It is wielding a +0 dagger.
The adder bites you.
* * * LOW HITPOINT WARNING * * *
You are lethally poisoned!
The adder poisons you!
Unknown command.
As you read the scroll labelled HASHRIERECW, it crumbles to dust.
It is a scroll of identify.
e - a potion of attraction
* * * LOW HITPOINT WARNING * * *
You feel sick. The adder misses you. Robin throws the goblin at you!
The goblin barely misses you.
It was a potion of cancellation.
You feel magically purged.
* * * LOW HITPOINT WARNING * * *
You feel sick. The adder bites you.
You die...

....#####.# g# .......##.# g#
.#..##.##.# g# ....##.##.# .#
.#.###.##.# ####### .# .#.#
#.##.# #..ยง..###.#
.#.###.##.# #.###...g.####
..........####.###g.g.[......
##.###.........g@Sg..........
.............###g########.#
################ #.# # ....#
#.# ###.# #.# ###.# #.# ....#
#.# ##### #.# ######


You could see Robin, an adder, a hobgoblin and 4 goblins.

Vanquished Creatures
  2 adders (D:2)
  A dart slug (D:1)
  4 ball pythons
  2 endoplasms (D:1)
  A goblin (D:2)
  7 hobgoblins
  A quokka (D:2)
  2 bats (D:2)
  2 frilled lizards (D:1)
  2 kobolds (D:2)
  3 rats
27 creatures vanquished.

Notes
Turn   | Place    | Note
-------+----------+-------------------------------------------
     0 | D:1      | H0rd4k the Octopode Hedge Wizard began the quest for the
                  | Orb.
     0 | D:1      | Reached XP level 1. HP: 11/11 MP: 4/4
   373 | D:2      | Reached XP level 2. HP: 8/17 MP: 0/6
  1127 | D:1      | Found a faded altar of an unknown god.
  1337 | D:1      | Reached XP level 3. HP: 21/21 MP: 4/8
  1340 | D:1      | Learned a level 2 spell: Blink
  1739 | D:2      | Found a runed translucent door.
  1740 | D:2      | Noticed Crazy Yiuf
  2439 | D:2      | Noticed Robin
  2446 | D:2      | Noticed Sigmund
  2450 | D:2      | Reached skill level 4 in Spellcasting
  2453 | D:2      | Slain by an adder

Illustrated notes

Levels and vault maps discovered:
D:1:      evilmike_arrival_hilbert_curve, layout_basic,
          ebering_ecumenical_altar_petrified, hangedman_abyss_or_decor_stabs,
          grunt_decor_clamped, hex_medium
D:2:      layout_loops_ring, uniq_crazy_yiuf_cottage, uniq_sigmund, uniq_robin

Skill      XL: |  1  2  3 |
---------------+----------+-----
Spellcasting   | 4 |  4.0
Dodging        | |  2.5
Stealth        | |  2.8
Conjurations   | |  1.2
Summonings     | |  1.0
Translocations | |  1.0

Action                   || total
-------------------------++-------
Melee: Dagger            ||    21
       Tentacles         ||     3
       Constrict         ||     2
 Cast: Magic Dart        ||    69
       Blink             ||     1
  Use: Scroll            ||     1
       Potion            ||     1
Armor: Skin              ||     2
Dodge: Dodged            ||    40
